 Dungeon Crawl Stone Soup version 0.30.1-1-g62c8e00024 (webtiles) character file.

Game seed: 610516986612363268

15166 cheesebisquit the Severer (level 12, -2/162 HPs)
             Began as a Hill Orc Fighter on July 15, 2023.
             Was an Elder of Beogh.
             Slain by a skeletal warrior
             ... wielding a +1 glaive of protection
              (6 damage)
             ... on level 12 of the Dungeon.
             The game lasted 00:40:54 (11758 turns).

cheesebisquit the Severer (Hill Orc Fighter)       Turns: 11758, Time: 00:40:54

Health: -2/162     AC: 22    Str: 30    XL:     12   Next: 24%
Magic:  12/12      EV:  7    Int:  8    God:    Beogh [****..]
Gold:   760        SH: 11    Dex: 10    Spells: 11/11 levels left

rFire   . . .        T - +3 war axe (freeze)
rCold   . . .        s - +0 kite shield
rNeg    . . .        Y - +0 plate armour
rPois   .            (no helmet)
rElec   .            (no cloak)
rCorr   .            k - +0 pair of gloves
SInv    .            C - +1 pair of boots
Will    .....        (no amulet) Stlth
                     Z - +6 ring of strength
HPRegen 0.47/turn    G - +4 ring of protection
MPRegen 0.13/turn

%: no passive effects
@: mighty, berserking (expiring), very quick
A: no striking features
a: Renounce Religion, Smiting, Recall Orcish Followers


You were on level 12 of the Dungeon.
You worshipped Beogh.
Beogh was greatly pleased with you.
You visited 2 branches of the dungeon, and saw 14 of its levels.
You also visited: Sewer.

You collected 760 gold pieces.

Inventory:

Hand Weapons
 a - a +4 halberd
 u - the +4 halberd of Focus {heavy, rF+ Int+5}
   (You found it on level 3 of the Dungeon)

   Int:       It affects your intelligence (+5).
   rF:        It protects you from fire.
 z - a +0 halberd
 I - a +2 vampiric morningstar
 T - a +3 war axe of freezing (weapon)
 U - a +3 halberd
Missiles
 f - 3 boomerangs of dispersal
 w - 39 poisoned darts (quivered)
 J - a throwing net
 Q - 9 boomerangs
 V - 7 javelins
 W - a curare-tipped dart
Armour
 k - a +0 pair of gloves (worn)
 s - a +0 kite shield (worn)
 C - a +1 pair of boots (worn)
 Y - a +0 plate armour (worn)
Jewellery
 q - a ring of protection from cold
 G - a +4 ring of protection (right hand)
 K - a ring of poison resistance
 L - a ring of positive energy
 M - a ring of flight
 X - an amulet of guardian spirit
 Z - a +6 ring of strength (left hand)
Wands
 e - a wand of polymorph (5)
 r - a wand of digging (15)
 y - a wand of paralysis (5)
 A - a wand of quicksilver (12)
 P - a wand of roots (9)
 S - a wand of flame (16)
Scrolls
 d - a scroll of amnesia {unknown}
 m - 8 scrolls of teleportation
 n - 3 scrolls of fog
 v - 2 scrolls of vulnerability
 D - 3 scrolls of blinking
 N - 3 scrolls of immolation
 O - 2 scrolls of torment
Potions
 b - 3 potions of mutation
 c - 3 potions of attraction
 g - a potion of brilliance
 i - 2 potions of cancellation
 j - 2 potions of magic
 l - 4 potions of flight
 p - a potion of resistance
 x - 3 potions of curing
 B - a potion of ambrosia
 H - 3 potions of lignification


   Skills:
 + Level 10.8 Fighting
 * Level 15.7 Axes
 + Level 9.9 Armour
 + Level 11.2 Shields


You had 11 spell levels left.
You didn't know any spells.
Your spell library contained the following spells:

 Spells                   Type           Power      Damage    Failure   Level
 Magic Dart               Conj           0%         1d3       99%         1
 Blink                    Tloc           0%         N/A       100%        2
 Ensorcelled Hibernation  Hex/Ice        0%         N/A       100%        2
 Lesser Beckoning         Tloc           0%         N/A       100%        2
 Momentum Strike          Conj/Tloc      0%         3d8       100%        2
 Passwall                 Tmut/Erth      0%         N/A       100%        2
 Searing Ray              Conj           0%         2d4       100%        2
 Inner Flame              Hex/Fire       0%         N/A       100%        3
 Ozocubu's Armour         Ice            0%         N/A       100%        3
 Swiftness                Air            0%         N/A       100%        3
 Fulminant Prism          Conj/Hex       0%         3d5       100%        4
 Summon Lightning Spire   Summ/Air       0%         N/A       100%        4
 Metabolic Englaciation   Hex/Ice        0%         N/A       100%        5
 Summon Forest            Summ/Tloc      0%         N/A       100%        5
 Summon Mana Viper        Hex/Summ       0%         N/A       100%        5
 Yara's Violent Unravell  Hex/Tmut       0%         3d3       100%        5
 Simulacrum               Ice/Necr       0%         N/A       100%        6
 Summon Cactus Giant      Summ           0%         N/A       100%        6
 Enfeeble                 Hex            0%         N/A       100%        7
 Storm Form               Tmut/Air       0%         N/A       100%        7
 Maxwell's Capacitive Co  Air            0%         ∞         100%        8


Dungeon Overview and Level Annotations

Branches:
Dungeon (13/15)            Temple (1/1) D:5            Lair (0/5) D:8
    Orc (0/2) D:10          Sewer (visited)
 Vaults: D:13-14

Altars:
Ashenzari
Cheibriados
Dithmenos
Elyvilon
Gozag
Hepliaklqana
Makhleb
Nemelex Xobeh
Okawaru
Qazlal
Ru
Sif Muna
Trog
Uskayaw
Vehumet
Wu Jian
Xom
Yredelemnul
Zin
The Shining One

Shops:
D:1 (   D:2 :

Annotations:
D:5 2 transporters, monsoonserge's ghost, novice DjNe
D:8 1 runed translucent door, bzaaaaa's ghost, novice DEEE
D:11 1 runed translucent door
D:12 4 transporters
D:13 Snorg


Message History

The skeletal warrior is severely damaged.
You barely miss the skeletal warrior.
The skeletal warrior is severely damaged.
The skeletal warrior hits you but does no damage.
You block the skeletal warrior's attack.
You barely miss the skeletal warrior.
The skeletal warrior is severely damaged.
You block the skeletal warrior's attack.
The skeletal warrior hits you but does no damage.
You hit the skeletal warrior. You freeze the skeletal warrior.
The skeletal warrior is severely damaged.
You closely miss the skeletal warrior.
The skeletal warrior is severely damaged.
You block the skeletal warrior's attack.
The skeletal warrior closely misses you.
You closely miss the skeletal warrior.
The skeletal warrior is severely damaged.
You closely miss the skeletal warrior.
The skeletal warrior is severely damaged.
You block the skeletal warrior's attack.
The skeletal warrior hits you but does no damage.
You hit the skeletal warrior. You freeze the skeletal warrior.
The skeletal warrior is almost destroyed.
You barely miss the skeletal warrior.
The skeletal warrior is almost destroyed.
The skeletal warrior hits you with a +0 war axe!
* * * LOW HITPOINT WARNING * * *
The skeletal warrior hits you from afar with a +1 glaive of protection!
* * * LOW HITPOINT WARNING * * *
You are too berserk!
You are too berserk!
You slice the skeletal warrior!! You freeze the skeletal warrior.
You destroy the skeletal warrior!
Beogh accepts your kill.
Your orc priest looks more experienced.
You are too berserk!
Your orc priest invokes the aid of Beogh against the skeletal warrior.
The skeletal warrior is smitten.
The skeletal warrior hits you with a +1 glaive of protection.
You die... #.# #.##. #.# #.##. #.# #######.##. #.# #......o.o. #o# #.#####o### #.# *,* #.# #o# *,* #o### #o# *,* #oo.o

*#@#****#.########o
**#.z©#,,,.......oo..
*...©...***######.##o
#.#©..#.# #.##o
#.##.##.# #.##.
#,,...,,# #.##.
***###*** #.##. #.##.
#.##.


You could see a skeletal warrior (ally target), 2 friendly orc warriors and a
friendly orc priest.

Vanquished Creatures
  An entropy weaver (shapeshifter) (D:13)
  A centaur warrior (D:13)
  2 two-headed ogres
  A boulder beetle (D:11)
  3 skeletal warriors (D:12)
  Pikel (D:7)
  A gargoyle (D:13)
  A komodo dragon (D:11)
  4 trolls
  A hornet (D:9)
  Prince Ribbit (D:5)
  5 slime creatures (D:12)
  2 wraiths (D:13)
  A wyvern (D:9)
  15 yaks
  2 steam dragons
  2 vampire mosquitoes (D:10)
  Menkaure (D:7)
  3 wargs (D:8)
  Duvessa (D:7)
  3 water moccasins
  2 orc warriors
  An ice beast (D:6)
  A sky beast (D:6)
  2 black bears
  2 ogres
  3 centaurs
  A phantom (D:5)
  A lemure (D:7)
  2 kobold brigands
  A bullfrog (D:8)
  2 scorpions
  2 gnoll sergeants
  14 wights
  Dowan (D:7)
  7 killer bees (D:11)
  3 howler monkeys
  An electric eel (D:6)
  A jelly (D:6)
  3 orc priests
  3 hounds
  An iguana (D:5)
  Jessica (D:3)
  A sleepcap (D:7)
  6 orc wizards
  10 adders
  19 gnolls
  A river rat (D:4)
  A shadow imp (D:8)
  A white imp (D:5)
  2 worms
  2 dart slugs
  28 orcs
  9 ball pythons
  4 bats
  7 endoplasms
  7 giant cockroaches
  12 goblins
  5 hobgoblins
  7 jackals
  42 kobolds
  A quokka (D:1)
  11 frilled lizards
  10 rats
293 creatures vanquished.

Vanquished Creatures (collateral kills)
  An orc warrior (D:12)
  2 wights (D:10)
  An orc priest (D:11)
  A butterfly (D:10)
5 creatures vanquished.

Vanquished Creatures (others)
  An orc warrior (D:12)
  3 orc wizards
  8 orcs
12 creatures vanquished.

Grand Total: 310 creatures vanquished

Notes
Turn   | Place    | Note
-------+----------+-------------------------------------------
     0 | D:1      | cheesebisquit the Hill Orc Fighter began the quest for the
                  | Orb.
     0 | D:1      | Reached XP level 1. HP: 19/19 MP: 1/1
   106 | D:1      | Reached skill level 3 in Axes
   113 | D:1      | Reached XP level 2. HP: 26/27 MP: 2/2
   179 | D:1      | Found Cetorr's Weapon Emporium.
   204 | D:1      | Reached XP level 3. HP: 33/33 MP: 3/3
   459 | D:1      | Found a faded altar of an unknown god.
   747 | D:2      | Reached skill level 4 in Axes
   747 | D:2      | Reached XP level 4. HP: 18/40 MP: 4/4
   991 | D:2      | Found Uciungo's Book Emporium.
  1503 | D:3      | Reached XP level 5. HP: 45/47 MP: 5/5
  1581 | D:3      | Noticed Jessica
  1595 | D:3      | Killed Jessica
  1600 | D:3      | Identified the +4 halberd of Focus {heavy, rF+ Int+5}
  1730 | D:3      | Reached skill level 5 in Axes
  2088 | D:3      | Reached XP level 6. HP: 48/53 MP: 6/6
  2234 | D:4      | Found a basalt altar of Yredelemnul.
  2252 | D:4      | Found a glowing drain.
  2267 | Sewer    | Entered a sewer
  2513 | Sewer    | Reached skill level 5 in Shields
  2782 | D:4      | Found a hide-covered altar of Uskayaw.
  2786 | D:4      | Paralysed by an orc for 4 turns
  2972 | D:4      | Reached skill level 5 in Fighting
  2975 | D:4      | Reached skill level 6 in Axes
  2986 | D:4      | Reached XP level 7. HP: 45/61 MP: 7/7
  3075 | D:4      | Found a stormy altar of Qazlal.
  3076 | D:4      | Found a bloodstained altar of Trog.
  3335 | D:4      | Found a hazy altar of Hepliaklqana.
  3464 | D:5      | Entered Level 5 of the Dungeon
  3732 | D:5      | Became a worshipper of Beogh the Brigand
  3934 | D:5      | Found a transporter.
  3935 | D:5      | Noticed monsoonserge's ghost (novice DjNe)
  3936 | D:5      | Found a transporter.
  3986 | D:5      | Found a staircase to the Ecumenical Temple.
  3991 | Temple   | Entered the Ecumenical Temple
  4071 | D:5      | Noticed Prince Ribbit
  4089 | D:5      | Killed Prince Ribbit
  4090 | D:5      | Reached skill level 7 in Axes
  4090 | D:5      | Reached skill level 5 in Armour
  4090 | D:5      | Reached XP level 8. HP: 54/69 MP: 8/8
  4571 | D:5      | Reached skill level 8 in Axes
  4891 | D:6      | Found a glowing silver altar of Zin.
  5154 | D:6      | Reached skill level 9 in Axes
  5154 | D:6      | Reached XP level 9. HP: 49/78 MP: 9/9
  5374 | D:6      | Found a burning altar of Makhleb.
  5506 | D:6      | Found a broken altar of Ashenzari.
  5620 | D:7      | Found a white marble altar of Elyvilon.
  5647 | D:7      | Noticed Pikel
  5661 | D:7      | Killed Pikel
  5707 | D:7      | Reached skill level 10 in Axes
  5742 | D:7      | Reached * piety under Beogh
  5840 | D:7      | Noticed Menkaure
  5841 | D:7      | Noticed Duvessa
  5862 | D:7      | Killed Duvessa
  5867 | D:7      | Noticed Dowan
  5871 | D:7      | Killed Menkaure
  5879 | D:7      | Killed Dowan
  6637 | D:8      | Found a staircase to the Lair.
  6666 | D:8      | Reached skill level 11 in Axes
  6819 | D:8      | Reached XP level 10. HP: 56/83 MP: 10/10
  7315 | D:8      | Reached ** piety under Beogh
  7442 | D:8      | Found a shimmering blue altar of Sif Muna.
  7675 | D:8      | Found a runed translucent door.
  7678 | D:8      | Noticed bzaaaaa's ghost (novice DEEE)
  7684 | D:8      | Identified the +5 trident of the Hawk {holy, rPois}
  8280 | D:9      | Reached skill level 12 in Axes
  9402 | D:10     | Entered Level 10 of the Dungeon
  9419 | D:10     | Noticed a two-headed ogre
  9442 | D:10     | Killed a two-headed ogre
  9524 | D:10     | Found a shimmering altar of Xom.
  9559 | D:10     | Reached skill level 13 in Axes
  9706 | D:10     | Reached XP level 11. HP: 92/97 MP: 11/11
  9751 | D:10     | You fall into a shaft and drop 3 floors!
  9757 | D:13     | Noticed an entropy weaver
  9767 | D:13     | Killed an entropy weaver
  9768 | D:13     | Reached skill level 10 in Shields
  9911 | D:13     | Noticed a two-headed ogre
  9920 | D:13     | Killed a two-headed ogre
  9960 | D:13     | Noticed a centaur warrior
  9970 | D:13     | Killed a centaur warrior
  9971 | D:13     | Reached skill level 14 in Axes
  9972 | D:13     | Reached *** piety under Beogh
  9981 | D:13     | Noticed a tengu warrior
  9982 | D:13     | Noticed Snorg
  9985 | D:12     | Noticed a skeletal warrior
  9985 | D:12     | Noticed a skeletal warrior
  9985 | D:12     | Noticed a skeletal warrior
  9994 | D:12     | Noticed a boulder beetle
 10006 | D:11     | Noticed an orc knight
 10391 | D:11     | Found a runed translucent door.
 10514 | D:11     | Reached skill level 10 in Fighting
 10578 | D:11     | Noticed a boulder beetle
 10587 | D:11     | Killed a boulder beetle
 10793 | D:10     | Found a staircase to the Orcish Mines.
 11243 | D:11     | Noticed a boulder beetle
 11360 | D:12     | Found a transporter.
 11372 | D:12     | Found a transporter.
 11395 | D:12     | Reached **** piety under Beogh
 11434 | D:12     | Reached skill level 15 in Axes
 11452 | D:12     | Reached XP level 12. HP: 79/107 MP: 12/12
 11720 | D:12     | Found a transporter.
 11722 | D:12     | Found a transporter.
 11756 | D:12     | HP: 3/162 [skeletal warrior/+1 glaive of protection (10)]
 11758 | D:12     | Slain by a skeletal warrior

Illustrated notes

Levels and vault maps discovered:
D:1:      lemuel_arrival_tunnels, layout_rooms,
          shapermc_ecumenical_altar_flowoftime, serial_shops, nicolae_shop_trees
D:2:      layout_basic, serial_shops, shop, minivault_25
D:3:      layout_rooms, uniq_jessica
D:4:      layout_rooms, eat_drink_and_be_merry_uskayaw,
          overflow_temple_1_default, nicolae_overflow_hidden_temple,
          nzn_hepliaklqana_mist_gate, portal_sewer_entry_b
D:5:      layout_loops_ring, minmay_temple_entry_arrows, gammafunk_ghost_smash,
          uniq_prince_ribbit1
D:6:      layout_loops_ring, zin_academy, nicolae_overflow_squiral
D:7:      layout_basic, elyvilon_altar_5, lightli_orcish_oven, uniq_duvessa,
          uniq_menkaure, uniq_pikel
D:8:      layout_loops_ring, mainiacjoe_overflow_small_starburst,
          erik_lair_orcish_takeover, ebering_ghost_funeral_grove
D:9:      kennysheep_kobold_camp, layout_gridville, kennysheep_cross_room
D:10:     layout_small_grid, xom_butterflies, orc_0_dummy
D:11:     layout_basic, lightli_church_of_beogh
D:12:     layout_loops_ring, serial_nicolae_subway, nicolae_sub_station_crystal,
          nicolae_sub_station_stone, nicolae_sub_station_metal
D:13:     layout_cave_pools, hangedman_decor_clover_reticule, uniq_snorg
Temple:   nicolae_temple_ecumenical_triangle

Skill      XL: |  1  2  3  4  5  6  7  8  9 10 11 |
---------------+----------------------------------+-----
Axes           | 3 4 5 6 7 9 11 13 15 | 15.7
Fighting       | 4 5 6 7 9 10 | 10.8
Shields        | 4 5 6 7 8 9 11 | 11.2
Armour         | 4 5 6 7 8 9 |  9.9

Action                     |  1- 3 |  4- 6 |  7- 9 | 10-12 || total
---------------------------+-------+-------+-------+-------++-------
  Melee: War axe           |    88 |   263 |   243 |   417 ||  1011
  Throw: Boomerang         |     1 |       |       |       ||     1
         Dart              |       |     6 |    24 |    67 ||    97
         Throwing net      |       |       |       |     1 ||     1
 Invoke: Convert to Beogh  |       |       |     1 |       ||     1
    Use: Potion            |     1 |     5 |     2 |     5 ||    13
         Scroll            |       |     6 |    11 |     7 ||    24
 Armour: Chain mail        |    58 |   189 |   140 |    41 ||   428
         Plate armour      |       |       |       |    77 ||    77
  Dodge: Dodged            |    21 |    64 |    55 |    76 ||   216
  Block: Buckler           |    17 |     9 |       |       ||    26
         Kite shield       |       |   104 |   113 |   153 ||   370
